 Dungeon Crawl Stone Soup version 0.29.0-4-gdea44cf6ec (webtiles) character file.

Game seed: 3811420037554038960

2 qw the Sneak (level 1, -5/14 HPs)
             Began as a Gargoyle Delver on Sept 10, 2022.
             Slain by an orc
             ... wielding a +0 flail
              (7 damage)
             ... on level 4 of the Dungeon.
             The game lasted 00:00:05 (201 turns).

qw the Sneak (Gargoyle Delver)                       Turns: 201, Time: 00:00:06

Health: -5/14      AC:  9    Str: 15    XL:     1   Next: 40%
Magic:  1/1        EV: 11    Int: 10    God:
Gold:   18         SH:  0    Dex: 11    Spells: 0/0 levels left

rFire   . . .      SeeInvis .   Y - +0 hand axe
rCold   . . .      Faith    .   (no shield)
rNeg    + . .      Spirit   .   b - +0 leather armour
rPois   inf        Reflect  .   (no helmet)
rElec   +          Harm     .   (no cloak)
rCorr   .          Rampage  .   (no gloves)
Will    .....                   (no boots)
Stlth   +++.......              (no amulet)
HPRegen 0.04/turn               j - +4 ring of protection
MPRegen 0.07/turn               (no ring)

@: no status effects
A: sickness immunity, AC +2, negative energy resistance 1, electricity
resistance, torment resistance 1, petrification resistance
a: no special abilities


You were on level 4 of the Dungeon.
You visited 1 branch of the dungeon, and saw 2 of its levels.

You collected 18 gold pieces.


Innate Abilities, Weirdness & Mutations

You are immune to sickness and miasma.
Your stone body is resilient. (AC +2)
You are immune to poison.
You resist negative energy. (rN+)
You are resistant to electric shocks. (rElec)
You are resistant to unholy torment.
You are immune to petrification.


   Skills:
 - Level 3.2 Fighting
 + Level 2.0 Axes
 - Level 1.5 Dodging
 - Level 5.4 Stealth


You couldn't memorise any spells.
You didn't know any spells.
Your spell library was empty.

Inventory:

Hand Weapons
 Y - a +0 hand axe (weapon)
Armour
 b - a +0 leather armour (worn)
Jewellery
 j - a +4 ring of protection (left hand)
Wands
 g - a wand of digging (3)
Potions
 f - a potion of haste
 h - a potion of resistance {unknown}

Dungeon Overview and Level Annotations

Branches:
Dungeon (5/15)
 Temple: D:4-7

Altars:


Message History

The scorpion completely misses you. The orc hits you but does no damage.
The centaur hits you.
The centaur kicks you but does no damage.
The scorpion closely misses you.
You hit the centaur but do no damage.
The centaur is lightly wounded.
You closely miss the orc. You barely miss the scorpion.
The centaur hits you but does no damage.
The centaur kicks you but does no damage.
The orc closely misses you.
The centaur hits you but does no damage.
The centaur misses you.
The scorpion stings you but does no damage.
You barely miss the centaur.
The centaur is lightly wounded.
You hit the orc but do no damage. You barely miss the scorpion.
The centaur barely misses you.
The centaur kicks you but does no damage.
The orc hits you but does no damage.
The scorpion stings you but does no damage.
The centaur hits you but does no damage.
The centaur closely misses you. The orc barely misses you.
The scorpion stings you but does no damage.
You hit the centaur.
The centaur is moderately wounded.
You barely miss the scorpion. You barely miss the orc. The centaur hits you.
The centaur kicks you but does no damage.
The scorpion misses you. The orc hits you but does no damage.
The centaur closely misses you.
The centaur kicks you but does no damage.
You hit the centaur.
The centaur is severely wounded.
You hit the scorpion. You hit the orc but do no damage.
The centaur hits you but does no damage.
The centaur kicks you but does no damage.
The scorpion stings you but does no damage.
The orc hits you with a +0 flail!
Ouch! That really hurt!
You die...

#.......#
.........
.........
<.......#
........#
........#
......cs#
......o@#
......#.## .....
#..# ...# ##.# #
## #.## ### #
#..#######.## #
#...........## #
#..###..(.....####
#.###........)....


You could see a centaur, a scorpion and an orc.

Vanquished Creatures
  A dart slug (D:4)
1 creature vanquished.

Notes
Turn   | Place    | Note
-------+----------+-------------------------------------------
     0 | D:5      | qw the Gargoyle Delver began the quest for the Orb.
     0 | D:5      | Reached XP level 1. HP: 14/14 MP: 1/1
     0 | D:5      | 0 ||| qw: Version: 0.1-a-116-g5d60599
     0 | D:5      | 0 ||| qw: Game counter: 7896
     0 | D:5      | 0 ||| qw: Always use a shield: true
     0 | D:5      | 0 ||| qw: God list: Okawaru
     0 | D:5      | 0 ||| qw: Allow faded altars: false
     0 | D:5      | 0 ||| qw: Do Orc after D:15 true
     0 | D:5      | 0 ||| qw: Do second Lair branch before Depths: true
     0 | D:5      | 0 ||| qw: Lair rune preference: random
     0 | D:5      | 0 ||| qw: Plans: Normal
     0 | D:5      | 0 ||| PLANNING D:1-11
    66 | D:5      | 66 ||| UPGRADING to +4 ring of protection.
    67 | D:5      | 67 ||| READING scroll labelled XUTEAD GOVANE.
    71 | D:5      | 71 ||| DROPPING scroll of fog.
    72 | D:5      | 72 ||| DROPPING scroll of magic mapping.
    73 | D:5      | 73 ||| DROPPING scroll of fear.
   178 | D:4      | Noticed a scorpion
   191 | D:4      | Noticed a centaur
   200 | D:4      | HP: 2/14 [centaur (3)]
   201 | D:4      | Slain by an orc

Levels and vault maps discovered:
D:4:      layout_cave_pods, lightli_temple_of_fire
D:5:      layout_loops_ring, marbit_many_paths, lemuel_temple_firewalk_a,
          enter_ossuary_4

Skill      XL: |  1 |
---------------+----+-----
Axes           | 2 |  2.0
Fighting       | |  3.2
Dodging        | |  1.5
Stealth        | |  5.4

Action                   || total
-------------------------++-------
Melee: Hand axe          ||    17
  Use: Scroll            ||     1
Armor: Leather armour    ||    26
Dodge: Dodged            ||    20

Table legend:
 A = Non-vault XP
 B = Vault XP
 C = Vault XP percentage of total XP
 D = Non-vault monster count
 E = Vault monster count
 F = Vault count percentage of total count
                 A         B        C        D         E       F
            +---------+---------+-------+---------+---------+-------
      Total |       4 |       0 |   0.0 |       1 |       0 |   0.0
            +---------+---------+-------+---------+---------+-------
        D:4 |       4 |       0 |   0.0 |       1 |       0 |   0.0
            +---------+---------+-------+---------+---------+-------
